 Dungeon Crawl Stone Soup version 0.19.3-1-g3169bf9 (console) character file.

340 Grinner the Cudgeler (level 6, 0/100 HPs)
             Began as an Ogre Monk on Jan 26, 2017.
             Slain by an adder (3 damage)
             ... on level 6 of the Dungeon.
             The game lasted 00:05:12 (2002 turns).

Grinner the Cudgeler (Ogre Monk)                    Turns: 2002, Time: 00:05:12

Health: 0/100      AC: 29    Str: 19    XL:     6   Next: 56%
Magic:  6/6        EV:  1    Int:  9    God:
Gold:   151        SH:  0    Dex: 12    Spells: 0 memorised, 5 levels left

rFire  + . .     SeeInvis .     a - +0 mace
rCold  + . .     Gourm    .     (armour currently unavailable)
rNeg   + + +     Faith    .     (no shield)
rPois  +         Spirit   .     (helmet currently unavailable)
rElec  +         Reflect  .     (cloak currently unavailable)
rCorr  +         Harm     .     (gloves unavailable)
MR     .....     NoTele   +     (boots unavailable)
Stlth  +.........               (no amulet)
                                i - +6 ring of protection
                                (no ring)

@: confused, tree-form, resistant
A: unfitting armour, (tough skin 0)
a: no special abilities


You were on level 6 of the Dungeon.
You were hungry.
You were a tree.
You visited 1 branch of the dungeon, and saw 6 of its levels.

You collected 151 gold pieces.

Inventory:

Hand Weapons
 a - a +0 mace (weapon)
Armour
 b - a +1 robe (melded)
Jewellery
 i - a +6 ring of protection (right branch)
Scrolls
 e - a scroll of enchant weapon {unknown}
 h - 2 scrolls of identify {unknown}
 j - a scroll of enchant armour
 n - a scroll of amnesia {unknown}
 o - a scroll of blinking
 q - a scroll of fear {unknown}
Potions
 l - a potion of flight {unknown}
Books
 p - Sif Muna's Almanac of the Escort
   (You found it on level 2 of the Dungeon)

   Spells                             Type                      Level
   a - Summon Small Mammal            Summoning                    1
Comestibles
 c - 4 bread rations
 k - a beef jerky
 m - a royal jelly


   Skills:
 + Level 6.0 Fighting
 * Level 7.0 Maces & Flails
 + Level 4.0 Dodging
 - Level 1.4 Stealth


You had 5 spell levels left.
You didn't know any spells.

Dungeon Overview and Level Annotations

Branches:
Dungeon (6/15)
 Temple: D:4-7

Altars:
Dithmenos
Kikubaaqudgha
Sif Muna
Vehumet

Annotations:
D:4 Grinner's ghost, amateur OgMo


Innate Abilities, Weirdness & Mutations

You are too large for most types of armour.
((You have tough skin. (AC +1)))


Message History

You hear some strange, mumbled words.
Deactivating autopickup; reactivate with Ctrl-A.
You are confused.
The orc wizard hits you but does no damage.
The adder bites you but does no damage.
You cannot move. (Use ctrl+direction to attack without moving.)
You swing at nothing.
The orc hits you but does no damage.
You hear some strange, mumbled words.
A magic dart appears from out of thin air!
The magic dart hits you!
* * * LOW HITPOINT WARNING * * *
The adder bites you but does no damage.
The orc wizard hits you but does no damage.
The orc barely misses you.
You miss the orc wizard.
The orc wizard is almost dead.
The adder bites you but does no damage. Something hits you but does no damage.
The orc wizard hits you but does no damage.
The adder bites you.
You die...

$.. ... ####.#
.#+#.....
........#
..?.....#
.......o#
......S.#
.....o.♣#
......oo.......
......#........
.#.#+########.#
... ##


You could see an orc wizard, an adder and 3 orcs.

Vanquished Creatures
  Sigmund (D:2)
  A sky beast (D:6)
  6 adders
  3 worms
  A dart slug (D:1)
  3 leopard geckos
  A giant cockroach (D:2)
  5 goblins
  3 hobgoblins
  3 kobolds
  3 ball pythons
  3 bats
  5 frilled lizards
  8 rats
46 creatures vanquished.

Notes
Turn   | Place    | Note
-------+----------+-------------------------------------------
     0 | D:1      | Grinner the Ogre Monk began the quest for the Orb.
     0 | D:1      | Reached XP level 1. HP: 24/24 MP: 1/1
   137 | D:1      | Reached XP level 2. HP: 32/32 MP: 2/2
   557 | D:2      | Reached XP level 3. HP: 11/40 MP: 3/3
   851 | D:2      | Found an ancient bone altar of Kikubaaqudgha.
   920 | D:2      | Found a radiant altar of Vehumet.
   934 | D:2      | Found a deep blue altar of Sif Muna.
   937 | D:2      | Identified Sif Muna's Almanac of the Escort
  1006 | D:2      | Noticed Sigmund
  1030 | D:2      | Killed Sigmund
  1030 | D:2      | Reached skill level 5 in Fighting
  1030 | D:2      | Reached skill level 6 in Maces & Flails
  1030 | D:2      | Reached XP level 4. HP: 50/50 MP: 4/4
  1030 | D:2      | Reached XP level 5. HP: 58/58 MP: 5/5
  1146 | D:2      | Found a faded altar of an unknown god.
  1303 | D:3      | Reached XP level 6. HP: 61/67 MP: 6/6
  1417 | D:3      | Found a shadowy altar of Dithmenos.
  1932 | D:4      | Noticed Grinner's ghost (amateur OgMo)
  1951 | D:5      | Entered Level 5 of the Dungeon
  1953 | D:5      | Noticed a sky beast
  1985 | D:6      | HP: 4/100 [adder (3)]
  1990 | D:6      | HP: 4/100 [adder (1)]
  1995 | D:6      | Killed a sky beast
  1995 | D:6      | Reached skill level 7 in Maces & Flails
  1997 | D:6      | HP: 3/100 [orc (3)]
  2002 | D:6      | Slain by an adder

Skill      XL: |  1  2  3  4  5  6 |
---------------+-------------------+-----
Dodging        | 3 4 |  4.0
Fighting       | 5 6 |  6.0
Maces & Flails | 6 7 |  7.0
Stealth        | |  1.4

Action                   |  1- 3 |  4- 6 || total
-------------------------+-------+-------++-------
Melee: Mace              |    94 |    94 ||   188
  Use: Scroll            |     6 |       ||     6
       Potion            |     4 |     4 ||     8
 Stab: Sleeping          |     5 |     3 ||     8
  Eat: Chunk             |       |     3 ||     3
Armor: Robe              |    21 |    42 ||    63
       Skin              |       |    50 ||    50
Dodge: Dodged            |    43 |    43 ||    86
